 Dungeon Crawl Stone Soup version 0.16-a0-4115-ga5ed934 (webtiles) character file.

40 dysrexia the Ruffian (level 3, -3/31 HPs)
             Began as a Naga Transmuter on Mar 1, 2015.
             Slain by a worm (10 damage)
             ... on level 2 of the Dungeon.
             The game lasted 00:08:44 (2072 turns).

dysrexia the Ruffian (Naga Transmuter)              Turns: 2072, Time: 00:08:44

Health: -3/31      AC:  2    Str: 12    XL:     3   Next: 50%
Magic:  5/6        EV: 10    Int: 14    God:
Gold:   59         SH:  0    Dex: 11    Spells: 2 memorised, 3 levels left

rFire  . . .     SeeInvis +       - Unarmed
rCold  . . .     Clarity  .     c - +0 robe
rNeg   . . .     SustAb   +     (no shield)
rPois  +         Gourm    .     (no helmet)
rElec  .         Spirit   .     (no cloak)
rCorr  .         Warding  .     (no gloves)
rMut   .         Stasis   .     (no barding)
MR     .....                    (no amulet)
Stlth  +.........               (no ring)
                                e - ring of sustain abilities

@: very slightly contaminated, very slow, not resistant to hostile enchantments,
very unstealthy
A: spit poison, see invisible, deformed body, poison resistance, slowness 2, AC
+1
a: Spit Poison


You were on level 2 of the Dungeon.
You were hungry.

You visited 1 branch of the dungeon, and saw 2 of its levels.

You collected 59 gold pieces.

Inventory:

Missiles
 b - 38 arrows
Armour
 c - a +0 robe (worn)
 h - a +0 ring mail
Jewellery
 e - a ring of sustain abilities (left hand)
 f - an uncursed ring of ice
 k - an uncursed ring of flight {unknown}
Scrolls
 m - a scroll of amnesia
 p - a scroll of remove curse {unknown}
 q - a scroll of identify
 s - a scroll of recharging {unknown}
Potions
 i - a potion of heal wounds {unknown}
 j - a potion of restore abilities {unknown}
 n - a potion of curing
Books
 d - a book of Changes

   Spells                             Type                      Level
   a - Beastly Appendage              Transmutation                1
   b - Sticks to Snakes               Transmutation                2
   c - Spider Form                    Transmutation/Poison         3
   d - Ice Form                       Ice/Transmutation            4
   e - Blade Hands                    Transmutation                5
Comestibles
 a - 4 bread rations
 g - 3 fruits
 l - a meat ration
 o - a slice of pizza


   Skills:
 - Level 1.0 Fighting
 - Level 1.5 Dodging
 + Level 4.4 Unarmed Combat
 - Level 2.0 Spellcasting
 - Level 2.0 Transmutations


You had 3 spell levels left.
You knew the following spells:

 Your Spells              Type           Power        Failure   Level  Hunger
a - Beastly Appendage     Trmt           #.....       12%         1    ##.....
b - Sticks to Snakes      Trmt           #.........   17%         2    ###....


Dungeon Overview and Level Annotations

Branches:
Dungeon (2/15)

Altars:


Innate Abilities, Weirdness & Mutations

You cannot wear boots.
You can spit poison.
Your serpentine skin is tough (AC +1).
You have supernaturally acute eyesight.
Armour fits poorly on your strangely shaped body.
Your system is resistant to poisons.
You cover ground very slowly.


Message History

Okay, then.
Firing (i - inventory): No suitable missiles.
Press: ? - help, Shift-Dir - straight line, f/p - worm
Aim: a worm (almost dead)
Okay, then.
Casting: Beastly Appendage
Confirm with . or Enter, or press ? or * to list all spells.
You miscast Beastly Appendage.
You are very lightly contaminated with residual magic.
Nothing appears to happen.
You hit the worm.
The worm is almost dead.
The worm bites you!
* * * LOW HITPOINT WARNING * * *
You barely miss the worm.
The worm is almost dead.
You barely miss the worm.
The worm is almost dead.
The worm bites you!
You die...

.#..............# #.##.####
.#.....##..##...# #.......#
.#............<.#####.##.####
.#.........##...(......#.#
.#..#............####..#.#
.#..#..##..##.#........#.#
....#..###.##.#..####..#.#
.......# #.##.#.w..##..#.#
.##.#..# #.##.##@#.##.##.#
.......###.##....#.##.##.#
.........................#
###.#.####.##.#######.####
......................#
#####################.# ###


You could see a worm.

Vanquished Creatures
  An adder (D:2)
  4 bats
  A giant cockroach (D:2)
  9 hobgoblins
  6 giant newts
  2 goblins (D:1)
  6 kobolds
  A rat (D:2)
30 creatures vanquished.

Notes
Turn   | Place    | Note
--------------------------------------------------------------
     0 | D:1      | dysrexia, the Naga Transmuter, began the quest for the Orb.
     0 | D:1      | Reached XP level 1. HP: 18/18 MP: 3/3
   457 | D:1      | Reached XP level 2. HP: 9/25 MP: 4/4
  1374 | D:2      | Learned a level 2 spell: Sticks to Snakes
  1454 | D:2      | Reached skill level 4 in Unarmed Combat
  1839 | D:2      | Reached XP level 3. HP: 29/31 MP: 6/6
  2072 | D:2      | Slain by a worm

Action                   || total
-------------------------++-------
Melee: Unarmed           ||   110
Throw: Stone             ||    20
 Cast: Beastly Appendage ||    13
  Use: Scroll            ||     7
  Eat: Chunk             ||     3
